 Dungeon Crawl Stone Soup version 0.22-a0-433-gd2a9cce (webtiles) character file.

321450 Ijustatesigmund the Slayer (level 21, -16/252 HPs)
             Began as an Ogre Artificer on May 25, 2018.
             Was the Champion of the Shining One.
             Killed from afar by a battlesphere (17 damage)
             ... created by a tengu reaver
             ... led by Sojobo
             ... on level 1 of the Crypt on May 28, 2018.
             The game lasted 02:32:52 (46381 turns).

Ijustatesigmund the Slayer (Ogre Artificer)        Turns: 46381, Time: 02:32:53

Health: -16/252    AC: 21    Str: 24    XL:     21   Next: 52%
Magic:  19/32      EV: 14    Int: 16    God:    the Shining One [******]
Gold:   1295       SH: 12    Dex: 16    Spells: 22/31 levels left

rFire    + + .     SeeInvis +   P - +7 sacred scourge (holy)
rCold    . . .     Gourm    .   E - +0 shield {reflect}
rNeg     + + +     Faith    +   h - +4 troll leather armour
rPois    +         Spirit   .   z - +3 crown of Dyrovepreva {rElec Int+2 SInv}
rElec    +         Reflect  +   i - +2 cloak
rCorr    .         Harm     .   (gloves unavailable)
MR       +++..                  (boots unavailable)
Stlth    +.........             U - amulet of Ylorios {Faith rElec rF+ rN+ Slay+2}
HPRegen  0.92/turn              g - +3 ring of protection
MPRegen  0.23/turn              V - ring of poison resistance

@: lethally poisoned (-16 -> -17), glowing
A: large, unfitting armour, hooves 1, horns 1, molten scales 1, clever 1, fire
resistance 1, magic resistance 1, strong 1, tough skin 1, evolution 1
}: 2/15 runes: decaying, gossamer
a: Divine Shield, Cleansing Flame, Summon Divine Warrior, Renounce Religion


You were on level 1 of the Crypt.
You worshipped the Shining One.
The Shining One was exalted by your worship.
You were very hungry.

You visited 7 branches of the dungeon, and saw 35 of its levels.
You also visited: Ice Cave.

You collected 3429 gold pieces.
You spent 2134 gold pieces at shops.

Inventory:

Hand Weapons
 a - a +3 giant spiked club of flaming
 j - a +2 dire flail of protection
 P - a +7 sacred scourge of holy wrath (weapon)
Missiles
 y - 34 large rocks (quivered)
 K - 9 javelins
Armour
 h - a +4 troll leather armour (worn)
 i - a +2 cloak (worn)
 z - the +3 crown of Dyrovepreva (worn) {rElec Int+2 SInv}
   (You found it in an ice cave)

   It affects your intelligence (+2).
   It insulates you from electricity.
   It lets you see invisible.
 E - a +0 shield of reflection (worn)
 H - a scarf of resistance
 W - +0 fire dragon scales
Jewellery
 g - a +3 ring of protection (left hand)
 u - an uncursed ring of protection from cold
 w - a +3 ring of protection
 B - an uncursed ring of protection from fire
 U - the amulet of Ylorios (around neck) {Faith rElec rF+ rN+ Slay+2}
   (You bought it in a shop on level 2 of the Orcish Mines)

   [amulet of faith]

   It allows you to gain divine favour quickly.
   It affects your accuracy and damage with ranged weapons and melee attacks
   (+2).
   It protects you from fire.
   It insulates you from electricity.
   It protects you from negative energy.
 V - a ring of poison resistance (right hand)
Wands
 t - a wand of enslavement (13)
 C - a wand of flame (60)
 I - a wand of iceblast (40)
 L - a wand of polymorph (43)
 N - a wand of acid (6)
 O - a wand of digging (39)
Scrolls
 c - 4 scrolls of blinking
 k - 8 scrolls of magic mapping
 l - 4 scrolls of fog
 m - 3 scrolls of immolation
 o - 11 scrolls of remove curse
 v - 7 scrolls of amnesia
 x - 9 scrolls of identify
 D - 2 scrolls of silence
 G - 10 scrolls of teleportation
 J - 2 scrolls of holy word
 Q - 5 scrolls of enchant armour
 R - 2 scrolls of fear
 S - a scroll of summoning
Potions
 d - a potion of resistance
 e - 5 potions of flight
 n - 13 potions of curing
 p - 2 potions of haste
 q - 4 potions of mutation
 r - 4 potions of magic
 s - a potion of cancellation
 A - a potion of lignification
 F - a potion of berserk rage
 M - 6 potions of ambrosia
 T - 2 potions of agility
 Y - 2 potions of might
 Z - 2 potions of brilliance
Comestibles
 f - 32 rations


   Skills:
 + Level 23.7 Fighting
   Level 0.8 Short Blades
 - Level 15.1 Maces & Flails
 - Level 14.5 Throwing
 - Level 6.0 Armour
 - Level 7.1 Dodging
 - Level 0.6 Stealth
 - Level 10.1 Shields
 - Level 5.6 Spellcasting
 - Level 6.4 Charms
 - Level 6.7 Translocations
 - Level 6.4 Ice Magic
 - Level 15.0 Invocations
 - Level 2.4 Evocations


You had 22 spell levels left.
You knew the following spells:

 Your Spells              Type           Power        Failure   Level  Hunger
a - Apportation           Tloc           ####..       1%          1    None
b - Blink                 Tloc           N/A          1%          2    #......
c - Lesser Beckoning      Tloc           ####......   3%          3    ##.....
d - Ozocubu's Armour      Chrm/Ice       ####....     3%          3    ##.....

Your spell library contained the following spells:

 Spells                   Type           Power        Failure   Level  Hunger
 Fireball                 Conj/Fire      #.........   99%         5    ######.
 Conjure Flame            Conj/Fire      #.......     43%         3    ##.....
 Bolt of Cold             Conj/Ice       ##........   100%        6    #######
 Throw Flame              Conj/Fire      #.....       24%         2    #......
 Throw Frost              Conj/Ice       ##....       6%          2    #......
 Controlled Blink         Tloc           N/A          100%        8    #######
 Freezing Cloud           Conj/Ice/Air   ##........   100%        6    #######
 Summon Small Mammal      Summ           #...         16%         1    None
 Animate Skeleton         Necr           N/A          16%         1    None
 Freeze                   Ice            ####         1%          1    None
 Ozocubu's Refrigeration  Ice            ####......   86%         6    #######
 Sticky Flame             Conj/Fire      #.......     85%         4    ####...
 Summon Ice Beast         Ice/Summ       ##......     38%         4    ####...
 Stone Arrow              Conj/Erth      #.....       43%         3    ##.....
 Ice Form                 Ice/Tmut       ##......     38%         4    ####...
 Deflect Missiles         Chrm/Air       ##........   100%        6    #######
 Throw Icicle             Conj/Ice       ##......     38%         4    ####...
 Shadow Creatures         Summ           N/A          100%        6    #######
 Confusing Touch          Hex            #.....       16%         1    None
 Flame Tongue             Conj/Fire      #....        16%         1    None
 Passwall                 Tmut/Erth      #.......     24%         2    #......
 Ensorcelled Hibernation  Hex/Ice        ##....       6%          2    #......
 Metabolic Englaciation   Hex/Ice        ##........   75%         5    ######.
 Silence                  Hex/Air        #.........   99%         5    ######.
 Alistair's Intoxication  Tmut/Pois      #.......     99%         5    ######.
 Lee's Rapid Deconstruct  Erth           #.........   99%         5    ######.
 Sandblast                Erth           #.....       16%         1    None
 Simulacrum               Ice/Necr       ##........   100%        6    #######
 Conjure Ball Lightning   Conj/Air       #.........   100%        6    #######
 Petrify                  Tmut/Erth      #.......     85%         4    ####...
 Tornado                  Air            #.........   100%        9    #######
 Darkness                 Hex            #.........   100%        6    #######
 Inner Flame              Hex/Fire       #.......     43%         3    ##.....
 Summon Lightning Spire   Summ/Air       #.......     85%         4    ####...
 Irradiate                Conj/Tmut      #.........   99%         5    ######.
 Borgnjor's Vile Clutch   Necr/Erth      #.........   99%         5    ######.


Dungeon Overview and Level Annotations

Branches:
Dungeon (15/15)            Temple (0/1) D:5            Lair (6/6) D:9
  Swamp (4/4) Lair:2       Spider (4/4) Lair:3        Slime (0/5) Lair:6
    Orc (2/2) D:11            Elf (0/3) Orc:2        Vaults (3/5) D:13
  Crypt (1/3) Vaults:3     Depths (0/5) D:15

Altars:
Fedhas
Sif Muna
Trog
Vehumet
Xom
The Shining One
Beogh
Jiyva

Shops:
D:9 [   D:10 ?   Orc:1 **[[   Orc:2 [*[=   Vaults:2 (

Portals:
Trove: Vaults:1 (give 8 scrolls of blinking)

Annotations:
Lair:2 exclusion: 4 oklob plants


Innate Abilities, Weirdness & Mutations

You are too large for most types of armour.
You have tough skin. (AC +1)
You have large cloven feet.
You have a pair of small horns on your head.
You are partially covered in molten scales. (AC +2)
Your mind is acute. (Int +2)
Your flesh is heat resistant. (rF+)
You are resistant to hostile enchantments. (MR+)
Your muscles are strong. (Str +2)
You evolve.


Message History

The bolt of poison hits you! You resist.
* * * LOW HITPOINT WARNING * * *
The battlesphere fires!
The barrage of energy hits you!
* * * LOW HITPOINT WARNING * * *
You barely miss the tengu reaver. Your kick misses the tengu reaver.
You headbutt the tengu reaver.
The tengu reaver is severely wounded.
You feel sick. The golden flame engulfs you! You resist.
The golden flame engulfs the tengu reaver.
The tengu reaver is severely wounded.
You are feeling very hungry.
You feel sick. The tengu reaver casts a spell at you.
The bolt of acid hits you!
* * * LOW HITPOINT WARNING * * *
You are splashed with acid!
The acid burns!
* * * LOW HITPOINT WARNING * * *
The battlesphere fires!
The barrage of energy hits you!
You die...

## .....# ......##
.......##
........##
.......*.##
..........##
....z..?...####...
###....@)ยง.....
##....)Q.###..
##.#.......#
##.##..>....#
##.###.......#
##.## #.......#
##.## #......##
#..### #....###
##...# ..###


You could see a tengu reaver, a curse skull and a battlesphere.

Vanquished Creatures
  Mennas (Vaults:3)
  Sojobo (Crypt:1)
  Bai Suzhen (Spider:3)
  Nikola (Vaults:3)
  Arachne (Spider:1)
  Rupert (Lair:4)
  The ghost of inmateoo the Executioner, an adept MiAE of Okawaru (Vaults:3)
  Jorgrun (Crypt:1)
  A lich (Vaults:3)
  Asterion (Spider:4)
  A titan (Vaults:3)
  2 sphinxes (Vaults:2)
  Agnes (Spider:3)
  A tengu reaver (Crypt:1)
  Donald (Swamp:4)
  A revenant (Crypt:1)
  2 azure jellies (Swamp:4)
  An azure jelly (shapeshifter) (Vaults:3)
  A frost giant (Vaults:3)
  A ghost moth (Spider:2)
  A caustic shrike zombie (Crypt:1)
  9 vault wardens
  Aizul (Spider:1)
  A ghoul (Vaults:1)
  11 emperor scorpions
  The ghost of TheNamelessOne the Martial Artist, a journeyman OpTm of Cheibriados (D:15)
  9 ironheart preservers
  3 stone giants
  6 entropy weavers
  A spark wasp (Spider:3)
  A deep elf death mage (Vaults:2)
  2 fire dragons
  3 jiangshi (Crypt:1)
  13 ogre magi
  5 vault guards
  4 yaktaur captains
  Erolcha (D:9)
  10 hydras
  4 ice dragons
  A catoblepas (D:15)
  3 ghost crabs
  A merfolk avatar (Swamp:4)
  10 centaur warriors
  Erica (D:9)
  45 two-headed ogres
  3 death knights
  20 alligators
  A queen ant (Spider:3)
  4 death yaks (Lair:2)
  3 deep troll earth magi (Vaults:3)
  A deep troll shaman (Vaults:3)
  3 vampire magi
  Sonja (D:15)
  2 soul eaters (Vaults:3)
  Urug (Lair:4)
  3 deep elf knights
  3 spriggans
  A shadow wraith (Vaults:3)
  6 skeletal warriors
  11 deep trolls
  4 unseen horrors
  2 glowing orange brains (Vaults:3)
  2 flayed ghosts (Vaults:3)
  4 wizards
  4 swamp dragons
  3 spriggan druids
  3 phantasmal warriors
  2 lindwurms (Lair:5)
  3 necromancers
  7 ironbrand convokers
  5 deep elf archers
  Pikel (D:3)
  2 shambling mangroves
  8 harpies
  14 orb spiders
  8 deep elf magi
  12 orc knights
  9 ugly things
  27 wolf spiders
  5 cyclopes
  A moth of wrath (Spider:4)
  6 orc sorcerers
  3 manticores
  6 elephants (Lair:2)
  2 black mambas (shapeshifter)
  Joseph (Lair:1)
  2 naga magi (D:15)
  3 ice statues (IceCv)
  6 vault sentinels
  A gargoyle (D:15)
  2 black mambas
  32 spiny frogs
  3 kobold demonologists
  A rime drake (shapeshifter) (Vaults:3)
  5 komodo dragons
  28 yaktaurs
  An efreet (D:9)
  11 freezing wraiths
  2 rime drakes
  14 demonic crawlers
  4 ice devils (IceCv)
  9 hornets
  2 queen bees
  4 trolls
  25 jumping spiders
  2 jumping spiders (shapeshifter)
  2 polar bears (D:11)
  9 meliai
  A queen bee (shapeshifter) (Vaults:2)
  A small abomination (Vaults:2)
  14 tyrant leeches
  Prince Ribbit (Lair:1)
  A harpy skeleton (D:14)
  A hornet (shapeshifter) (Vaults:1)
  22 hippogriffs
  22 slime creatures
  21 blink frogs
  A meliai zombie (D:10)
  6 dream sheep
  4 bog bodies
  59 redbacks
  An ice dragon skeleton (Crypt:1)
  4 wraiths
  2 shadows
  3 water elementals (D:14)
  25 tarantellas
  2 humans (D:13)
  Jessica (D:2)
  4 swamp worm simulacra (Swamp:4)
  39 yaks
  Grum (D:8)
  4 basilisks
  4 hungry ghosts
  A steam dragon (Lair:2)
  4 wargs
  3 insubstantial wisps (Swamp:2)
  The ghost of Curus the Changer, an amateur MfTm of Okawaru (D:4)
  38 vampire mosquitoes
  17 swamp worms
  Edmund (D:5)
  3 acid dragons
  15 soldier ants
  14 hydra simulacra (Swamp:4)
  Duvessa (D:7)
  13 water moccasins
  9 swamp drakes
  12 porcupines
  A slave (D:3)
  2 ice beasts
  49 orc warriors
  2 sky beasts
  A hornet zombie (D:8)
  4 black bears
  A necrophage (D:13)
  3 phantoms
  43 ogres
  25 wolves
  8 boggarts
  15 crocodiles
  The ghost of Mgcat the Sneak, an amateur OpAs (D:3)
  17 centaurs
  8 big kobolds
  23 bullfrogs
  2 wyvern zombies
  3 scorpions
  9 wights
  Dowan (D:7)
  59 killer bees
  4 electric eels
  5 howler monkeys
  A lava snake (D:14)
  5 centaur zombies
  5 bullfrog zombies
  11 crimson imps
  2 draconian simulacra (IceCv)
  6 jellies
  A quasit (D:10)
  6 hounds
  3 bullfrog skeletons
  27 orc wizards
  30 orc priests
  22 worker ants
  2 centaur skeletons (D:10)
  4 iguanas
  A hell rat (Lair:2)
  4 troll simulacra (IceCv)
  A demigod zombie (Crypt:1)
  3 centaur simulacra
  An acid dragon skeleton (Crypt:1)
  2 hound skeletons
  A hound zombie (D:11)
  A worker ant zombie (D:5)
  3 gnolls (D:10)
  A howler monkey skeleton (D:5)
  11 adders
  2 naga simulacra (IceCv)
  An ogre simulacrum (IceCv)
  3 river rats (Lair:2)
  A shadow imp (D:9)
  4 swamp drake simulacra (Swamp:4)
  An adder skeleton (D:4)
  4 worms
  2 dart slugs (D:2)
  2 leopard geckos
  116 orcs
  4 giant cockroaches
  4 goblins
  6 hobgoblins
  5 jackals
  41 kobolds
  5 quokkas
  8 bats
  9 frilled lizards
  A quokka skeleton (D:5)
  3 rats
  A butterfly (D:5)
  A crawling corpse (Vaults:2)
  A fire vortex (D:14)
1585 creatures vanquished.

Vanquished Creatures (collateral kills)
  A lich (Vaults:1)
  A vault warden (Vaults:3)
  A ghost moth (Spider:4)
  A vault guard (Vaults:1)
  A centaur warrior (Vaults:1)
  A death knight (Vaults:1)
  2 ironbrand convokers (Vaults:1)
  A necromancer (Vaults:3)
  2 wolf spiders (Spider:4)
  A vault sentinel (Vaults:3)
  A demonic crawler (Spider:4)
  A jumping spider (Spider:4)
  5 redbacks (Spider:4)
  A ball python (D:2)
  A hobgoblin (D:2)
  A kobold (D:2)
  A rat (D:1)
23 creatures vanquished.

Vanquished Creatures (others)
  A vault warden (Vaults:3)
  A stone giant (Vaults:3)
  A spriggan druid (Swamp:4)
  A cyclops (Vaults:2)
  A polar bear (D:11)
  A slave (D:4)
  Terence (D:2)
  A worker ant (Spider:3)
  An orc (D:3)
  A goblin (D:1)
  A fire vortex (D:14)
  11 fungi
  45 plants
67 creatures vanquished.

Grand Total: 1675 creatures vanquished

Notes
Turn   | Place    | Note
-------+----------+-------------------------------------------
     0 | D:1      | Ijustatesigmund the Ogre Artificer began the quest for the Orb.
     0 | D:1      | Reached XP level 1. HP: 19/19 MP: 2/2
    57 | D:1      | Reached skill level 2 in Fighting
    83 | D:1      | Reached XP level 2. HP: 25/28 MP: 3/3
    90 | D:1      | Reached skill level 1 in Maces & Flails
   733 | D:1      | Reached XP level 3. HP: 36/36 MP: 4/4
  1010 | D:2      | Reached skill level 3 in Fighting
  1231 | D:2      | Noticed Terence
  1232 | D:2      | Noticed Jessica
  1255 | D:2      | Your ally died
  1257 | D:2      | Killed Jessica
  1257 | D:2      | Reached skill level 4 in Fighting
  1257 | D:2      | Reached XP level 4. HP: 45/49 MP: 5/5
  1257 | D:2      | Reached XP level 5. HP: 51/55 MP: 6/6
  1917 | D:2      | Reached skill level 5 in Fighting
  2396 | D:2      | Found a blossoming altar of Fedhas.
  2563 | D:3      | Noticed Mgcat's ghost (amateur OpAs)
  2568 | D:3      | Killed Mgcat's ghost
  2568 | D:3      | Reached XP level 6. HP: 67/67 MP: 7/7
  2766 | D:3      | Found a glowing golden altar of the Shining One.
  3040 | D:3      | Became a worshipper of the Shining One
  3396 | D:4      | Noticed a slave
  3396 | D:4      | Noticed a slave
  3396 | D:4      | Noticed a slave
  3396 | D:4      | Noticed Pikel
  3398 | D:4      | Noticed a slave
  3432 | D:3      | Killed a slave
  3930 | D:3      | Killed Pikel
  3930 | D:3      | Reached skill level 7 in Fighting
  3930 | D:3      | Reached skill level 5 in Maces & Flails
  3930 | D:3      | Reached XP level 7. HP: 17/79 MP: 8/8
  4339 | D:4      | Reached skill level 1 in Invocations
  4342 | D:4      | Noticed Curus's ghost (amateur MfTm)
  4634 | D:4      | Reached XP level 8. HP: 59/88 MP: 9/9
  4867 | D:4      | Killed Curus's ghost
  5458 | D:5      | Entered Level 5 of the Dungeon
  5528 | D:5      | Reached skill level 5 in Invocations
  5592 | D:5      | Reached * piety under the Shining One
  5839 | D:5      | Found a staircase to the Ecumenical Temple.
  5938 | D:5      | Noticed Edmund
  5952 | D:5      | Killed Edmund
  6150 | D:5      | Found a shimmering altar of Xom.
  6292 | D:5      | Reached XP level 9. HP: 72/96 MP: 14/14
  6504 | D:6      | Reached skill level 8 in Fighting
  6629 | D:6      | Reached ** piety under the Shining One
  6719 | D:6      | Gained mutation: You have large cloven feet. [potion of mutation]
  6719 | D:6      | Gained mutation: You evolve. [potion of mutation]
  7000 | D:6      | Found a glowing golden altar of the Shining One.
  7465 | D:7      | Reached skill level 9 in Fighting
  7514 | D:7      | Noticed Dowan
  7522 | D:7      | Killed Dowan
  7657 | D:7      | Noticed Duvessa
  7676 | D:7      | Killed Duvessa
  8031 | D:7      | Gained mutation: You are resistant to hostile enchantments. (MR+) [evolution]
  8182 | D:8      | Reached XP level 10. HP: 110/110 MP: 16/16
  8246 | D:8      | Learned a level 1 spell: Animate Skeleton
  8401 | D:8      | Reached skill level 10 in Fighting
  8728 | D:8      | Found a viscous altar of Jiyva.
  8813 | D:8      | Noticed Grum
  8832 | D:8      | Reached skill level 5 in Dodging
  8836 | D:8      | Killed Grum
  9757 | D:8      | Reached skill level 11 in Fighting
 10112 | D:9      | Found Saer's Antique Armour Emporium.
 10132 | D:9      | Reached *** piety under the Shining One
 10393 | D:9      | Noticed Erolcha
 10402 | D:9      | Killed Erolcha
 10402 | D:9      | Reached skill level 12 in Fighting
 10440 | D:9      | Found a staircase to the Lair.
 10631 | D:9      | Noticed Erica
 10637 | D:9      | Killed Erica
 10637 | D:9      | Reached XP level 11. HP: 123/124 MP: 17/17
 10998 | D:9      | Reached skill level 13 in Fighting
 11034 | D:10     | Entered Level 10 of the Dungeon
 11074 | D:10     | Noticed a two-headed ogre
 11077 | D:10     | Paralysed by a hornet for 1 turns
 11243 | D:10     | Found Qoid's Magic Scroll Boutique.
 11250 | D:10     | Bought a scroll of teleportation for 45 gold pieces
 11250 | D:10     | Bought a scroll of teleportation for 45 gold pieces
 11250 | D:10     | Bought a scroll of teleportation for 45 gold pieces
 11291 | D:10     | Reached **** piety under the Shining One
 11311 | D:10     | Noticed a centaur warrior
 11402 | D:11     | Noticed a purple ugly thing
 11403 | D:11     | Noticed an unseen horror
 11584 | D:11     | Noticed a two-headed ogre
 11596 | D:11     | Killed a two-headed ogre
 11596 | D:11     | Reached skill level 10 in Maces & Flails
 11630 | D:11     | Noticed a manticore
 11648 | D:11     | Killed a manticore
 11648 | D:11     | Reached skill level 14 in Fighting
 11741 | D:11     | Found a frozen archway.
 11742 | D:11     | Noticed an ice dragon
 11754 | IceCv    | Entered an ice cave
 12191 | IceCv    | Gained mutation: Your flesh is heat resistant. (rF+) [evolution]
 12521 | IceCv    | Reached XP level 12. HP: 72/140 MP: 15/18
 13168 | IceCv    | Found the +3 crown of Dyrovepreva {rElec Int+2 SInv}
 13473 | D:10     | Killed a centaur warrior
 13657 | D:10     | Found Iliutt's Food Shoppe.
 13696 | D:10     | Got a clouded wooden ring
 13698 | D:10     | Identified the ring "Juss" {rN+ Dex+3} (You found it on level 10 of the Dungeon)
 13957 | D:10     | Killed a two-headed ogre
 13971 | D:10     | Noticed a two-headed ogre
 13981 | D:10     | Killed a two-headed ogre
 13981 | D:10     | Reached skill level 1 in Armour
 13992 | D:10     | Found Tetemeo's Magic Scroll Emporium.
 14310 | Lair:1   | Entered Level 1 of the Lair of Beasts
 14310 | Lair:1   | Noticed Joseph
 14325 | Lair:1   | Killed Joseph
 14382 | Lair:1   | Noticed Prince Ribbit
 14399 | Lair:1   | Killed Prince Ribbit
 14435 | Lair:1   | Gained mutation: Your muscles are strong. (Str +2) [evolution]
 14518 | Lair:1   | Reached skill level 10 in Invocations
 14636 | Lair:1   | Noticed a four-headed hydra
 14646 | Lair:1   | Killed a four-headed hydra
 15097 | Lair:2   | Reached XP level 13. HP: 140/148 MP: 20/20
 15377 | Lair:2   | Reached skill level 5 in Armour
 15550 | Lair:2   | Found a staircase to the Swamp.
 15645 | Lair:2   | Gained mutation: You are partially covered in molten scales. (AC +2) [evolution]
 16530 | Lair:3   | Found a hole to the Spider Nest.
 16867 | Lair:3   | Learned a level 1 spell: Apportation
 16980 | Lair:4   | Reached skill level 1 in Translocations
 17213 | Lair:4   | Reached XP level 14. HP: 135/157 MP: 23/23
 17293 | Lair:4   | Noticed Urug
 17310 | Lair:4   | Killed Urug
 17472 | Lair:4   | Noticed Rupert
 17472 | Lair:4   | Reached ***** piety under the Shining One
 17489 | Lair:4   | Killed Rupert
 18640 | Lair:6   | Entered Level 6 of the Lair of Beasts
 18677 | Lair:6   | Found a staircase to the Slime Pits.
 18955 | Lair:6   | Reached skill level 5 in Translocations
 20444 | D:11     | Reached XP level 15. HP: 159/165 MP: 25/25
 20498 | D:11     | Found a staircase to the Orcish Mines.
 20897 | D:11     | Reached skill level 1 in Throwing
 21122 | D:12     | Identified the Disquisition on Moulding and the Traveller
 21750 | D:12     | Reached skill level 15 in Fighting
 21777 | D:12     | Gained mutation: You are agile. (Dex +2) [evolution]
 22676 | D:13     | Reached skill level 5 in Throwing
 22944 | D:13     | Found a gate to the Vaults.
 23193 | D:13     | Learned a level 2 spell: Blink
 23197 | D:13     | Learned a level 3 spell: Lesser Beckoning
 23379 | D:14     | Reached skill level 16 in Fighting
 24207 | D:14     | Found a roughly hewn altar of Beogh.
 24365 | Orc:1    | Entered Level 1 of the Orcish Mines
 24391 | Orc:1    | Found Yleyx's Antique Armour Emporium.
 24428 | Orc:1    | Found Archar's Assorted Antiques.
 24479 | Orc:1    | Found Lualomau's Assorted Antiques.
 24480 | Orc:1    | Bought a scroll of brand weapon for 460 gold pieces
 24480 | Orc:1    | Bought a scroll of magic mapping for 80 gold pieces
 24480 | Orc:1    | Bought a scroll labeled NEM QOMNAPT for 23 gold pieces
 24489 | Orc:1    | Bought a scroll labeled EVVAOP YTIO for 24 gold pieces
 24489 | Orc:1    | Bought a scroll labeled KASESMUAFOBB for 24 gold pieces
 24600 | Orc:1    | Found a radiant altar of Vehumet.
 24827 | Orc:1    | Found a bloodstained altar of Trog.
 24842 | Orc:1    | Found Plog's Antique Armour Shoppe.
 24960 | Orc:1    | Learned a level 3 spell: Ozocubu's Armour
 24977 | Orc:2    | Entered Level 2 of the Orcish Mines
 25112 | Orc:1    | Reached skill level 1 in Charms
 25112 | Orc:1    | Reached skill level 1 in Ice Magic
 25401 | Orc:2    | Found a staircase to the Elven Halls.
 25609 | Orc:2    | Reached XP level 16. HP: 180/180 MP: 26/26
 26178 | Orc:2    | Reached skill level 5 in Ice Magic
 26184 | Orc:2    | Reached skill level 5 in Charms
 26191 | Orc:2    | Found Aryal's Antique Armour Shoppe.
 26191 | Orc:2    | Found Okaidd's Assorted Antiques.
 26270 | Orc:2    | Found Teduaxio's Armour Boutique.
 26270 | Orc:2    | Found Nosoagepp's Jewellery Emporium.
 26280 | Orc:2    | Bought a brown potion for 24 gold pieces
 26280 | Orc:2    | Bought a ring of protection for 54 gold pieces
 26471 | D:15     | Entered Level 15 of the Dungeon
 26537 | D:15     | Found a deep blue altar of Sif Muna.
 26566 | D:15     | Noticed Sonja
 26581 | D:15     | Killed Sonja
 27025 | D:15     | Noticed TheNamelessOne's ghost (journeyman OpTm)
 27056 | D:15     | Killed TheNamelessOne's ghost
 27227 | D:15     | Found a staircase to the Depths.
 27804 | Orc:2    | Bought the amulet of Ylorios {Faith rElec rF+ rN+ Slay+2} for 1030 gold pieces
 28019 | Spider:1 | Entered Level 1 of the Spider Nest
 28216 | Spider:1 | Noticed Aizul
 28233 | Spider:1 | Killed Aizul
 28901 | Orc:2    | Bought an uncursed ring of poison resistance for 280 gold pieces
 29333 | Spider:1 | Reached skill level 17 in Fighting
 30185 | Spider:2 | Noticed Arachne
 30221 | Spider:1 | Killed Arachne
 30221 | Spider:1 | Reached XP level 17. HP: 115/191 MP: 10/27
 30303 | Spider:1 | Gained mutation: Your mind is acute. (Int +2) [evolution]
 30817 | Spider:2 | Got a warped mace
 30818 | Spider:2 | Identified the +8 mace of Tomorrow {freeze, *Rage rElec Int+4 Dex+5} (You found it on level 2 of the Spider Nest)
 31348 | Spider:3 | Noticed Agnes
 31360 | Spider:3 | Killed Agnes
 31505 | Spider:3 | Reached skill level 10 in Throwing
 33284 | Spider:4 | Entered Level 4 of the Spider Nest
 33287 | Spider:4 | Noticed Bai Suzhen
 33315 | Spider:3 | Killed Bai Suzhen
 33965 | Spider:4 | Reached XP level 18. HP: 176/200 MP: 28/28
 33985 | Spider:4 | Noticed Asterion
 34002 | Spider:4 | Killed Asterion
 34665 | Spider:4 | Got a gossamer rune of Zot
 35499 | Vaults:1 | Entered Level 1 of the Vaults
 35650 | Vaults:1 | Reached skill level 1 in Spellcasting
 35959 | Vaults:1 | Lost mutation: You are agile. (Dex +2) [evolution]
 36075 | Vaults:1 | Noticed a lich
 36078 | Vaults:1 | The Shining One protects you from harm!
 36084 | Vaults:1 | Killed a lich
 36649 | Vaults:1 | Got a flickering copper ring
 36651 | Vaults:1 | Identified the ring of Grontol {+Blink rElec MR+ Stlth-} (You took it off a wizard on level 1 of the Vaults)
 37169 | Vaults:1 | Found a portal to a secret trove of treasure.
 37728 | Swamp:1  | Entered Level 1 of the Swamp
 37747 | Swamp:1  | Reached skill level 5 in Spellcasting
 37996 | Swamp:1  | Reached skill level 15 in Maces & Flails
 38033 | Swamp:1  | Reached ****** piety under the Shining One
 38137 | Swamp:1  | Identified a +6 sacred scourge of holy wrath (a +4 demon whip of electrocution blessed by the Shining One)
 38137 | Swamp:1  | Received a gift from the Shining One
 38160 | Swamp:1  | Reached XP level 19. HP: 70/209 MP: 30/30
 38334 | Swamp:1  | Reached skill level 15 in Invocations
 39114 | Swamp:2  | Reached skill level 1 in Shields
 39633 | Swamp:2  | Gained mutation: You have a pair of small horns on your head. [evolution]
 39948 | Swamp:2  | Reached skill level 5 in Shields
 39984 | Swamp:2  | Got a crude golden ring
 40028 | Swamp:2  | Identified the ring "Xerewa" {-Tele rF+ rN++} (You found it on level 2 of the Swamp)
 41133 | Swamp:4  | Entered Level 4 of the Swamp
 41592 | Swamp:4  | Got a decaying rune of Zot
 41937 | Swamp:4  | Noticed Donald
 41948 | Swamp:4  | Killed Donald
 42514 | Vaults:2 | Found Polo's Antique Weapon Boutique.
 42695 | Vaults:2 | Reached skill level 10 in Shields
 42963 | Vaults:2 | Reached XP level 20. HP: 184/221 MP: 26/31
 43003 | Vaults:2 | Reached skill level 18 in Fighting
 43863 | Vaults:3 | Identified Pauriudgh's Collected Works on Mutagenic Conjuration
 43924 | Vaults:3 | Noticed Mennas
 43967 | Vaults:3 | Killed Mennas
 43967 | Vaults:3 | Reached skill level 19 in Fighting
 44388 | Vaults:3 | Reached skill level 20 in Fighting
 44415 | Vaults:3 | Noticed Nikola
 44427 | Vaults:3 | Killed Nikola
 44729 | Vaults:3 | Reached skill level 21 in Fighting
 44786 | Vaults:3 | Found a staircase to the Crypt.
 45415 | Vaults:3 | Reached XP level 21. HP: 132/244 MP: 14/32
 45420 | Vaults:3 | Reached skill level 22 in Fighting
 45549 | Vaults:3 | Noticed inmateoo's ghost (adept MiAE)
 45618 | Vaults:3 | Killed inmateoo's ghost
 46216 | Crypt:1  | Entered Level 1 of the Crypt
 46221 | Crypt:1  | Reached skill level 23 in Fighting
 46245 | Crypt:1  | Noticed Jorgrun
 46259 | Crypt:1  | Killed Jorgrun
 46355 | Crypt:1  | Noticed Sojobo
 46374 | Crypt:1  | Killed Sojobo
 46381 | Crypt:1  | HP: 1/252 [acid[Sojobo] (15)]
 46381 | Crypt:1  | Killed from afar by a battlesphere

Vault maps used:
D:1:      dpeg_arrival_arbitrary_b, minmay_split_cup_large
D:2:      first_ration, fedhas_altar_2, uniq_terence, uniq_jessica
D:3:      lemuel_tele_altar
D:4:      uniq_pikel
D:5:      minmay_temple_entry_butterflies, serial_bayou_pond_a,
          minmay_misc_feat_encased, led_xom_imps, uniq_edmund
D:6:      lemuel_coloured_pillars_altar
D:7:      uniq_duvessa
D:8:      jiyva_altar_1, uniq_grum
D:9:      lair_entry_dummy, serial_shops, shop_fountains, blue_anna_alchemist,
          uniq_erica, uniq_erolcha
D:10:     hangedman_cross_stitches, serial_shops, nicolae_shop_stone, shop,
          nicolae_shop_behind_doors
D:11:     orc_0_dummy, portal_ice_cave_entry_animals_and_master
D:13:     grunt_vaults_entry_fortified
D:14:     special_room, minmay_stone_trees_medium, minmay_fountain_box
D:15:     grunt_enter_depths_magical_seal, tgw_sif, special_room, uniq_sonja
Lair:1:   beast_lair_carwin_2, uniq_joseph, uniq_prince_ribbit2
Lair:2:   hangedman_what_comes_after_a, minmay_swamp_entry_swarm
Lair:3:   spider_nest_entry_webs
Lair:4:   kennysheep_catoblepas_arena, infiniplex_staircase_pool,
          serial_bayou_shore_b, uniq_urug, uniq_rupert
Lair:6:   minmay_lair_end_frog_pond, minmay_slime_entry_pillars
Swamp:1:  hangedman_swamp_pad
Swamp:2:  evilmike_swamp_ruin_house_2, swamp_pool1, cheibrodos_swamp_kobolds
Swamp:3:  evilmike_swamp_ruin_rubble_1
Swamp:4:  swamp_icy, swamp_pool5, hangedman_swamp_lotus, grunt_lady_of_the_lake,
          uniq_donald
Spider:1: uniq_aizul
Spider:2: uniq_arachne
Spider:3: zaba_antful_of_joy, hangedman_spider_tarantella_strand, uniq_agnes
Spider:4: grunt_spider_rune_circles, nicolae_looking_at_the_future,
          uniq_asterion, uniq_bai_suzhen
Orc:1:    basic_altar, serial_shops, shop, nicolae_shop_statue_plus, shop, shop,
          bloody_trog
Orc:2:    st_orc_ogre_mass, guppyfry_library_mini
Vaults:1: v_misc_13, v_misc_19, ontoclasm_vaults_gateway, grunt_vaults_twisty,
          st_more_cells, vaults_mumra_hex, vaults_room_grid,
          ontoclasm_vaults_ligature, nicolae_vaults_little_squares_2,
          vaults_room_stairs_pillars, nicolae_trove_entry_diagonal
Vaults:2: grunt_vaults_funnel, vaults_room_pools, vaults_room_hallway,
          nicolae_vaults_network_quincunx, st_lattice, ontoclasm_vaults_chip,
          v_misc_29, nicolae_vaults_circle_grid_a, vaults_room_pool, v_misc_2,
          v_misc_33, vaults_dpeg_encased_lava, serial_shops,
          nicolae_shop_statue_plus
Vaults:3: v_misc_26, vaults_mumra_chevron_long,
          dpeg_vaults_pockets_of_resistance, nicolae_vaults_sealed_display,
          v_pattern_2, v_misc_18, vaults_room_door_hall,
          minmay_crypt_entry_simple_plaza, uniq_nikola, uniq_mennas
Crypt:1:  minivault_4, uniq_sojobo, uniq_jorgrun, uniq_khufu
IceCv:    ice_cave_tombish

Skill      XL: |  1  2  3  4  5  6  7  8  9 10 11 12 13 14 15 16 17 18 19 20 21 |
---------------+----------------------------------------------------------------+-----
Fighting       | 2 4 5 7 9 12 14 16 17 21 23 | 23.7
Maces & Flails | 1 3 5 6 9 10 12 13 14 15 | 15.1
Invocations    | 2 7 8 10 12 13 14 15 | 15.0
Dodging        | 4 5 7 |  7.1
Armour         | 3 6 |  6.0
Translocations | 2 6 |  6.7
Throwing       | 6 7 13 14 | 14.5
Charms         | 2 6 |  6.4
Ice Magic      | 2 6 |  6.4
Spellcasting   | 5 |  5.6
Shields        | 10 | 10.1
Short Blades   | |  0.8
Stealth        | |  0.6
Evocations     | |  2.4

Action                   |  1- 3 |  4- 6 |  7- 9 | 10-12 | 13-15 | 16-18 | 19-21 || total
-------------------------+-------+-------+-------+-------+-------+-------+-------++-------
Melee: Mace              |    76 |   144 |       |       |       |       |       ||   220
       Whip              |       |       |   150 |       |       |       |       ||   150
       Giant spiked club |       |       |    36 |       |       |    65 |       ||   101
       Dire flail        |       |       |   138 |   731 |  1592 |  1601 |    33 ||  4095
       Kick              |       |       |    28 |   205 |   533 |   667 |   468 ||  1901
       Sacred scourge    |       |       |       |       |       |       |  1149 ||  1149
       Headbutt          |       |       |       |       |       |       |   268 ||   268
Throw: Javelin           |       |       |       |       |     7 |     7 |       ||    14
       Large rock        |       |       |       |       |    23 |   104 |    54 ||   181
 Cast: Lesser Beckoning  |       |       |       |       |     1 |     9 |     9 ||    19
       Ozocubu's Armour  |       |       |       |       |       |    18 |     4 ||    22
       Blink             |       |       |       |       |       |    10 |     4 ||    14
       Apportation       |       |       |       |       |       |     6 |     2 ||     8
Invok: Divine Shield     |       |       |     2 |    18 |    14 |    23 |    12 ||    69
       Cleansing Flame   |       |       |       |     2 |    18 |    24 |    27 ||    71
       Summon Divine War |       |       |       |       |     1 |     3 |     2 ||     6
       Brand Weapon With |       |       |       |       |       |     1 |       ||     1
Evoke: Wand              |     8 |    20 |     6 |    13 |     7 |    14 |     2 ||    70
  Use: Scroll            |       |    12 |     5 |    18 |    11 |    10 |     9 ||    65
       Potion            |       |     1 |     3 |     5 |     7 |     4 |     2 ||    22
  Eat: Chunk             |     1 |     7 |     9 |    15 |    18 |    13 |    12 ||    75
       Ration            |       |     1 |     2 |     4 |     6 |    12 |     6 ||    31
Armor: Robe              |    36 |    44 |   122 |   242 |       |       |       ||   444
       Troll leather arm |       |       |       |    61 |   757 |  1002 |   300 ||  2120
Dodge: Dodged            |    50 |    76 |   158 |   423 |   731 |  1036 |   300 ||  2774
Block: Other             |       |       |     9 |   122 |   235 |   403 |       ||   769
       Large shield      |       |       |       |       |       |       |   242 ||   242
       Shield            |       |       |       |       |       |       |   475 ||   475
       Reflection        |       |       |       |       |       |       |    39 ||    39

Table legend:
 A = Spawn XP
 B = Non-spawn XP
 C = Spawn XP percentage of total XP
 D = Spawn monster count
 E = Non-spawn monster count
 F = Spawn count percentage of total count
 G = Total turns spent on level
                    A         B        C        D         E        F      G
               +---------+---------+-------+---------+---------+-------+---------
         Total |       0 |  546127 |   0.0 |       0 |    1610 |   0.0 | 46381
               +---------+---------+-------+---------+---------+-------+---------
           D:1 |       0 |      35 |   0.0 |       0 |      22 |   0.0 |   994
           D:2 |       0 |     243 |   0.0 |       0 |      23 |   0.0 |  1548
           D:3 |       0 |     847 |   0.0 |       0 |      12 |   0.0 |  1988
           D:4 |       0 |     358 |   0.0 |       0 |      22 |   0.0 |  1009
           D:5 |       0 |     932 |   0.0 |       0 |      20 |   0.0 |   846
           D:6 |       0 |    1088 |   0.0 |       0 |      15 |   0.0 |  1051
           D:7 |       0 |     967 |   0.0 |       0 |      15 |   0.0 |   725
           D:8 |       0 |    1634 |   0.0 |       0 |      27 |   0.0 |  1753
           D:9 |       0 |    5431 |   0.0 |       0 |      45 |   0.0 |  1766
          D:10 |       0 |    6691 |   0.0 |       0 |      50 |   0.0 |  1332
          D:11 |       0 |    9069 |   0.0 |       0 |      60 |   0.0 |  1224
          D:12 |       0 |    2836 |   0.0 |       0 |      20 |   0.0 |  1294
          D:13 |       0 |   14150 |   0.0 |       0 |      43 |   0.0 |  1388
          D:14 |       0 |    8163 |   0.0 |       0 |      61 |   0.0 |  1022
          D:15 |       0 |   21114 |   0.0 |       0 |      80 |   0.0 |  1147
        Lair:1 |       0 |    4780 |   0.0 |       0 |      16 |   0.0 |   933
        Lair:2 |       0 |   15696 |   0.0 |       0 |      82 |   0.0 |  1451
        Lair:3 |       0 |    3335 |   0.0 |       0 |      14 |   0.0 |   957
        Lair:4 |       0 |   10633 |   0.0 |       0 |      31 |   0.0 |  1038
        Lair:5 |       0 |    4478 |   0.0 |       0 |      17 |   0.0 |   779
        Lair:6 |       0 |   21255 |   0.0 |       0 |      91 |   0.0 |  1560
       Swamp:1 |       0 |   15665 |   0.0 |       0 |      38 |   0.0 |  1088
       Swamp:2 |       0 |   19183 |   0.0 |       0 |      43 |   0.0 |  1076
       Swamp:3 |       0 |   14960 |   0.0 |       0 |      37 |   0.0 |  1000
       Swamp:4 |       0 |   21195 |   0.0 |       0 |      56 |   0.0 |   999
      Spider:1 |       0 |   21203 |   0.0 |       0 |      49 |   0.0 |  1991
      Spider:2 |       0 |    8291 |   0.0 |       0 |      17 |   0.0 |   905
      Spider:3 |       0 |   35446 |   0.0 |       0 |      83 |   0.0 |  2151
      Spider:4 |       0 |   32645 |   0.0 |       0 |      84 |   0.0 |  1736
         Orc:1 |       0 |    9688 |   0.0 |       0 |      74 |   0.0 |  1301
         Orc:2 |       0 |   19288 |   0.0 |       0 |      70 |   0.0 |   947
      Vaults:1 |       0 |   39464 |   0.0 |       0 |      62 |   0.0 |  1986
      Vaults:2 |       0 |   46442 |   0.0 |       0 |      65 |   0.0 |  1301
      Vaults:3 |       0 |  101717 |   0.0 |       0 |     130 |   0.0 |  2401
       Crypt:1 |       0 |   23518 |   0.0 |       0 |      18 |   0.0 |   165
         IceCv |       0 |    3687 |   0.0 |       0 |      18 |   0.0 |  1529
               +---------+---------+-------+---------+---------+-------+---------
